 Dungeon Crawl Stone Soup version 0.31-a0-1591-g515db51633 (webtiles) character file.

Game seed: 11317684535997136446

81039 James the Dancer (level 15, 0/75 HPs)
             Began as a Spriggan Fighter on Jan 6, 2024.
             Was a Follower of Uskayaw.
             Slain by a stone giant zombie (25 damage)
             ... on level 1 of the Orcish Mines.
             The game lasted 01:38:32 (27866 turns).

James the Dancer (Spriggan Fighter)                Turns: 27866, Time: 01:38:33

Health: 0/75       AC:  8    Str: 20    XL:     15   Next: 25%
Magic:  27/27      EV: 30    Int: 10    God:    Uskayaw [*.....]
Gold:   1489       SH:  7    Dex: 22    Spells: 14/14 levels left

rFire   + . .        b - +9 sling "Suivemue" {drain, rF+ Will+}
rCold   + . .        c - +1 buckler
rNeg    + . .        L - +0 steam dragon scales
rPois   .            X - +1 hat of Seruhis {rC+ rCorr Str+8 Stlth-}
rElec   .            T - +0 cloak
rCorr   +            (gloves unavailable)
SInv    +            (boots unavailable)
Will    +++..        e - amulet of regeneration
Stlth   +++++        n - ring of flight
HPRegen 1.12/turn    p - ring of positive energy
MPRegen 0.20/turn

%: no passive effects
@: flying, studying Alchemy, very quick
A: very small, no large weapons, unfitting armour, see invisible, speed 3
a: Renounce Religion, Stomp


You were on level 1 of the Orcish Mines.
You worshipped Uskayaw.
Uskayaw was pleased with you.
You visited 3 branches of the dungeon, and saw 19 of its levels.

You collected 2369 gold pieces.
You spent 880 gold pieces at shops.

Inventory:

Hand Weapons
 a - the +8 rapier "Jellyslayer" {freeze, Str+3}
   (You acquired it on level 2 of the Lair of Beasts)

   Str+3:     It affects your strength (+3).
 b - the +9 sling "Suivemue" (weapon) {drain, rF+ Will+}
   (You found it on level 2 of the Dungeon)

   rF+:       It protects you from fire.
   Will+:     It increases your willpower.
 s - a +1 rapier of distortion {!w}
   (You took it off a spriggan on level 5 of the Lair of Beasts)
 x - a +2 scimitar of flaming
   (You took it off Erica on level 1 of the Lair of Beasts)
 H - a +2 dagger of electrocution
   (You took it off a goblin on level 2 of the Dungeon)
 Y - a +4 scimitar of freezing
   (You took it off a wight on level 8 of the Dungeon)
Missiles
 f - 28 poisoned darts
 r - 2 curare-tipped darts {!f}
 z - 12 boomerangs
 I - 2 throwing nets {!f}
 Q - 6 atropa-tipped darts
Armour
 c - a +1 buckler (worn)
 i - a +1 robe of resistance
   (You took it off Nergalle on level 10 of the Dungeon)
 L - +0 steam dragon scales (worn)
   (You took it off Maggie on level 6 of the Dungeon)
 T - a +0 cloak (worn)
   (You found it on level 7 of the Dungeon)
 X - the +1 hat of Seruhis (worn) {rC+ rCorr Str+8 Stlth-}
   (You found it on level 8 of the Dungeon)

   Str+8:     It affects your strength (+8).
   rC+:       It protects you from cold.
   rCorr:     It protects you from acid and corrosion.
   Stlth-:    It makes you less stealthy.
Jewellery
 e - an amulet of regeneration (around neck)
   (You took it off Erica on level 1 of the Lair of Beasts)
 h - a +6 ring of strength
   (You found it on level 3 of the Lair of Beasts)
 n - a ring of flight (left hand)
   (You found it on level 11 of the Dungeon)
 p - a ring of positive energy (right hand)
   (You found it on level 11 of the Dungeon)
 D - a ring of resist corrosion
   (You found it on level 4 of the Dungeon)
 U - the ring "Waakou" {rN+ Dex+5 Slay-5}
   (You found it on level 5 of the Lair of Beasts)

   [ring of positive energy]

   Dex+5:     It affects your dexterity (+5).
   Slay-5:    It affects your accuracy & damage with ranged weapons and melee
   (-5).
   rN+:       It protects you from negative energy.
Wands
 u - a wand of paralysis (11)
   (You found it on level 5 of the Dungeon)
 v - a wand of digging (6)
   (You found it on level 12 of the Dungeon)
 M - a wand of mindburst (25)
   (You found it on level 6 of the Dungeon)
 R - a wand of polymorph (5)
   (You took it off a spriggan on level 4 of the Lair of Beasts)
 S - a wand of light (5)
   (You found it on level 11 of the Dungeon)
 V - a wand of roots (17)
   (You took it off Maurice on level 10 of the Dungeon)
Scrolls
 g - 3 scrolls of enchant weapon
 l - 3 scrolls of fear
 o - 2 scrolls of poison {!r}
 q - 2 scrolls of blinking
 B - 2 scrolls of vulnerability {!r}
 F - a scroll of revelation
 K - a scroll of summoning
 O - a scroll of fog
 W - 8 scrolls of teleportation {@r4}
 Z - 4 scrolls of enchant armour
Potions
 d - 6 potions of might
 j - 10 potions of heal wounds {@q2}
 k - 5 potions of enlightenment
 m - 2 potions of ambrosia
 t - 3 potions of haste {@q3}
 w - a potion of attraction {unknown}
 y - a potion of berserk rage {unknown}
 A - 3 potions of brilliance
 C - 2 potions of mutation {!q}
 E - 3 potions of lignification {!q}
 G - 3 potions of invisibility
 J - a potion of cancellation {unknown}
 N - 4 potions of resistance
 P - 7 potions of curing {@q1}


   Skills:
 + Level 7.5 Fighting
 - Level 14.0 Short Blades
 + Level 11.7 Ranged Weapons
 + Level 5.7 Armour
 + Level 13.7 Dodging
 + Level 14.2 Stealth
 - Level 6.0 Shields
 + Level 14.7 Invocations


You had 14 spell levels left.
You didn't know any spells.
Your spell library contained the following spells:

 Spells                   Type           Power      Damage    Failure   Level
 Foxfire                  Conj/Fire      0%         2x1d4     41%         1
 Summon Small Mammal      Summ           0%         N/A       41%         1
 Blink                    Tloc           0%         N/A       56%         2
 Lesser Beckoning         Tloc           0%         N/A       56%         2
 Momentum Strike          Conj/Tloc      0%         3d8       56%         2
 Scorch                   Fire           0%         2d5       56%         2
 Sublimation of Blood     Necr           0%         N/A       56%         2
 Call Canine Familiar     Summ           0%         N/A       80%         3
 Gell's Gravitas          Tloc           0%         N/A       80%         3
 Stone Arrow              Conj/Erth      0%         3d7       80%         3
 Teleport Other           Tloc           0%         N/A       80%         3
 Animate Armour           Summ/Erth      0%         N/A       99%         4
 Flame Wave               Conj/Fire      0%         2d4       99%         4
 Leda's Liquefaction      Alch/Erth      0%         N/A       99%         4
 Petrify                  Alch/Erth      0%         N/A       99%         4
 Summon Blazeheart Golem  Fire/Summ      0%         N/A       99%         4
 Irradiate                Conj/Alch      0%         3d11      100%        5
 Lee's Rapid Deconstruct  Erth           0%         3d4*      100%        5
 Summon Forest            Summ/Tloc      0%         N/A       100%        5
 Bombard                  Conj/Erth      0%         9d1       100%        6
 Eringya's Noxious Bog    Alch           0%         4d6       100%        6
 Plasma Beam              Fire/Air       0%         2x1d10    100%        6
 Starburst                Conj/Fire      0%         6d3       100%        6
 Summon Cactus Giant      Summ           0%         N/A       100%        6
 Summon Hydra             Summ           0%         N/A       100%        7
 Lehudib's Crystal Spear  Conj/Erth      0%         10d2      100%        8


Dungeon Overview and Level Annotations

Branches:
Dungeon (12/15)            Temple (0/1) D:7            Lair (5/5) D:10
 Shoals (0/4) Lair:3        Snake (0/4) Lair:3        Slime (0/5) Lair:5
    Orc (2/2) D:11            Elf (0/3) Orc:2

Altars:
Gozag
Ru
Uskayaw
Wu Jian
Zin
Jiyva
Lugonu

Shops:
D:1 :   D:7 [   Orc:2 =[*

Portals:
Abyss: Lair:5

Annotations:
D:11 exclusion: obsidian statue


Innate Abilities, Weirdness & Mutations

You are very small and have problems with some larger weapons.
You are too small for most types of armour.
You have supernaturally acute eyesight. (SInv)
You cover ground extremely quickly. (Speed+++)


Message History

You shoot a sling bullet.
The sling bullet hits the stone giant zombie.
You shoot a sling bullet.
The sling bullet hits the stone giant zombie!
You shoot a sling bullet.
The sling bullet hits the stone giant zombie.
You shoot a sling bullet.
The sling bullet hits the stone giant zombie!
You shoot a sling bullet.
The sling bullet completely misses the stone giant zombie.
You shoot a sling bullet.
The sling bullet hits the stone giant zombie.
You shoot a sling bullet.
The sling bullet hits the stone giant zombie but does no damage.
The stone giant zombie hits you!
You shoot a sling bullet.
The sling bullet hits the stone giant zombie!
The stone giant zombie hits you!!
You shoot a sling bullet.
The sling bullet hits the stone giant zombie.
You shoot a sling bullet.
The sling bullet hits the stone giant zombie.
The stone giant zombie barely misses you.
The stone giant zombie attacks as it pursues you!
The stone giant zombie completely misses you.
There is an open door, spattered with blood here.
You shoot a sling bullet.
The sling bullet hits the stone giant zombie.
You shoot a sling bullet.
The sling bullet hits the stone giant zombie!
You shoot a sling bullet.
The sling bullet hits the stone giant zombie.
You block the stone giant zombie's attack.
You shoot a sling bullet.
The sling bullet hits the stone giant zombie!
The stone giant zombie hits you but does no damage.
You shoot a sling bullet.
The sling bullet hits the stone giant zombie!
You shoot a sling bullet.
The sling bullet hits the stone giant zombie but does no damage.
The stone giant zombie hits you!!
* * * LOW HITPOINT WARNING * * *
You are too injured to fight recklessly!
Fire: b) +9 sling "Suivemue" {drain, rF+ Will+}
Press: ? - help, Q - select action, (/) - cycle Shift-Dir - straight line, f/p - stone giant zombie
Aim: a stone giant zombie (almost destroyed, 98% to hit)
You shoot a sling bullet.
The sling bullet hits the stone giant zombie.
The stone giant zombie hits you!!
You die...

#((####.##............§§≈≈§≈#.
(Z# #####..........≈§≈≈≈≈≈#.
###'#####################.####.
#..Z.......# #############.
#.)/.......# #..........†'.
#.......(..+ #.############
#.........(# ####(#####.......
#.........)####.).(....#.......
##........ZZZZ@........'.......
#>.........####........#.......
############ #################


You could see a cyclops zombie, 2 stone giant zombies and a titan zombie.

Vanquished Creatures
  Kirke (Lair:5)
  A dire elephant (Lair:4)
  An ettin (Orc:1)
  4 hydras
  Erolcha (D:11)
  A catoblepas (Lair:2)
  An ogre mage (Orc:1)
  Erica (Lair:1)
  4 two-headed ogres
  4 death yaks
  An orc high priest (Orc:1)
  2 thrashing horrors (Lair:5)
  Nergalle (D:10)
  Urug (Lair:5)
  Amaemon (D:10)
  The ghost of IkaDoka the Caller, a novice DrSu of Cheibriados (D:8)
  5 skeletal warriors
  Pikel (D:7)
  2 harpies (Lair:3)
  3 ugly things
  2 large abominations (Lair:5)
  7 oklob plants
  2 manticores (D:11)
  Maurice (D:10)
  15 cyclopes
  32 elephants
  2 black mambas
  3 slime creatures (D:12)
  5 torpor snails
  13 cane toads
  2 smoke demons (Lair:5)
  An ice statue (Lair:5)
  An orange demon (D:11)
  3 rime drakes
  Maggie (D:6)
  10 komodo dragons
  Psyche (D:11)
  An ice devil (Lair:5)
  4 trolls
  A queen bee (shapeshifter) (Lair:5)
  2 polar bears (Lair:5)
  A raiju (shapeshifter) (Lair:5)
  24 blink frogs
  Grinder (D:6)
  A raiju (Lair:5)
  Prince Ribbit (D:7)
  4 dream sheep (Lair:4)
  2 spriggans
  3 ynoxinuls (Lair:5)
  A wraith (D:10)
  9 wyverns
  3 hogs
  28 yaks
  9 basilisks
  6 wargs (Orc:1)
  A hog (shapeshifter) (Lair:5)
  A steam dragon (Lair:3)
  6 vampire mosquitoes
  Grum (Lair:1)
  Menkaure (D:6)
  3 nagas (Lair:3)
  10 small abominations (Lair:5)
  13 water moccasins
  3 acid dragons
  12 orc warriors
  A black bear (D:7)
  7 ice beasts
  6 ogres
  16 wolves
  A phantom (D:7)
  2 centaurs
  Blork the orc (D:6)
  2 kobold brigands
  10 bullfrogs
  2 scorpions (D:5)
  5 wights (D:8)
  4 killer bees (D:8)
  A howler monkey (D:9)
  A quasit (D:7)
  3 hounds
  3 jellies
  12 orc priests
  8 orc wizards
  3 iguanas (D:4)
  2 sleepcaps
  5 hell rats (Lair:2)
  Robin (D:2)
  3 gnolls (D:5)
  5 adders
  2 shadow imps
  4 white imps
  2 ufetubi (D:7)
  3 ribbon worms
  3 dart slugs
  33 orcs
  7 ball pythons
  9 bats
  6 endoplasms
  6 giant cockroaches
  13 hobgoblins
  4 jackals (D:3)
  3 quokkas
  5 frilled lizards
  17 goblins
  12 kobolds
  4 rats
527 creatures vanquished.

Vanquished Creatures (others)
  A fire giant (Orc:1)
  A kobold (D:9)
2 creatures vanquished.

Grand Total: 529 creatures vanquished

Notes
Turn   | Place    | Note
-------+----------+-------------------------------------------
     0 | D:1      | James the Spriggan Fighter began the quest for the Orb.
     0 | D:1      | Reached XP level 1. HP: 11/11 MP: 2/2
    32 | D:1      | Found Syuhuqur's Vocational Training.
    75 | D:1      | Reached XP level 2. HP: 16/16 MP: 3/3
   637 | D:1      | Reached XP level 3. HP: 15/19 MP: 4/4
  1079 | D:2      | Identified the +9 sling "Suivemue" {drain, rF+ Will+}
  1143 | D:2      | Reached XP level 4. HP: 23/23 MP: 5/5
  1570 | D:2      | Noticed Robin
  1573 | D:2      | Reached skill level 5 in Short Blades
  1580 | D:2      | Killed Robin
  2551 | D:3      | Found an ornate altar of the Wu Jian Council.
  2743 | D:3      | Found an opulent altar of Gozag.
  2881 | D:3      | Reached XP level 5. HP: 28/28 MP: 6/6
  3229 | D:4      | Noticed a centaur
  3231 | D:4      | Killed a centaur
  3232 | D:4      | Reached skill level 5 in Dodging
  3232 | D:4      | Reached XP level 6. HP: 26/32 MP: 5/7
  3950 | D:5      | Entered Level 5 of the Dungeon
  4235 | D:5      | Reached XP level 7. HP: 36/36 MP: 8/8
  4324 | D:5      | Found a glowing silver altar of Zin.
  4837 | D:6      | Noticed a +0 short sword
  4837 | D:6      | Noticed a +0 dagger
  4839 | D:6      | Noticed a +0 falchion
  4839 | D:6      | Noticed a +0 spear
  4840 | D:6      | Noticed a +0 short sword
  4840 | D:6      | Noticed a +0 dagger
  4840 | D:6      | Noticed a +0 spear
  4847 | D:6      | Noticed a +0 falchion
  4865 | D:5      | Identified a scroll of acquirement
  4865 | D:5      | Acquired a +2 hat
  5039 | D:6      | Noticed Grinder
  5050 | D:6      | Killed Grinder
  5094 | D:6      | Noticed Maggie
  5101 | D:6      | Killed Maggie
  5102 | D:6      | Reached XP level 8. HP: 42/42 MP: 9/9
  5108 | D:6      | Found a hide-covered altar of Uskayaw.
  5135 | D:6      | Noticed Menkaure
  5140 | D:6      | Killed Menkaure
  5260 | D:6      | Noticed Blork the orc
  5283 | D:6      | Killed Blork the orc
  5574 | D:6      | Found a sacrificial altar of Ru.
  5800 | D:6      | Became a worshipper of Uskayaw the Reveller
  5985 | D:7      | Found a staircase to the Ecumenical Temple.
  6136 | D:7      | Found Jecyshan's Armour Boutique.
  6138 | D:7      | Reached * piety under Uskayaw
  6175 | D:7      | Reached ** piety under Uskayaw
  6176 | D:7      | Reached *** piety under Uskayaw
  6506 | D:7      | Noticed Pikel
  6512 | D:7      | Killed Pikel
  6513 | D:7      | Reached XP level 9. HP: 46/46 MP: 10/10
  6706 | D:7      | Noticed a cyclops
  6717 | D:7      | Killed a cyclops
  6718 | D:7      | Reached skill level 5 in Fighting
  6718 | D:7      | Reached skill level 10 in Short Blades
  6744 | D:7      | Noticed Prince Ribbit
  6754 | D:7      | Killed Prince Ribbit
  6755 | D:7      | Reached skill level 5 in Shields
  6963 | D:7      | Reached skill level 1 in Stealth
  7243 | D:8      | Reached **** piety under Uskayaw
  7404 | D:8      | Found a runed translucent gate.
  7405 | D:8      | Found a runed translucent gate.
  7406 | D:8      | Found a runed translucent gate.
  7406 | D:8      | Noticed IkaDoka's ghost (novice DrSu)
  7909 | D:8      | Noticed a two-headed ogre
  7912 | D:8      | Killed a two-headed ogre
  7913 | D:8      | Reached XP level 10. HP: 51/51 MP: 11/11
  9129 | D:10     | Entered Level 10 of the Dungeon
  9214 | D:10     | Noticed Nergalle
  9225 | D:10     | Killed Nergalle
  9226 | D:10     | Reached skill level 5 in Stealth
  9316 | D:10     | Noticed Maurice
  9324 | D:10     | Maurice stole the +9 sling "Suivemue" {drain, rF+ Will+}
  9488 | D:10     | Maurice stole 7 boomerangs
  9492 | D:10     | Maurice stole an orb of guile
  9974 | D:10     | Killed Maurice
 10081 | D:10     | Found a staircase to the Lair.
 10433 | D:11     | Noticed a manticore
 10504 | D:11     | Found a staircase to the Orcish Mines.
 10558 | D:10     | Reached skill level 10 in Dodging
 10590 | D:11     | Noticed a manticore
 10609 | D:11     | Noticed an orange demon
 10611 | D:11     | Noticed Amaemon
 10677 | D:10     | Killed Amaemon
 10940 | D:11     | Killed an orange demon
 11145 | D:11     | Killed a manticore
 11146 | D:11     | Reached XP level 11. HP: 31/56 MP: 6/12
 11372 | D:11     | Noticed Psyche
 11375 | D:11     | Killed Psyche
 11453 | D:11     | Reached ***** piety under Uskayaw
 11926 | D:11     | Found a runed translucent door.
 11930 | D:11     | Noticed Erolcha
 11942 | D:11     | Killed Erolcha
 12004 | D:11     | Found a runed translucent door.
 12019 | D:11     | Found a runed translucent door.
 12033 | D:11     | Found a runed translucent door.
 12104 | D:11     | Noticed a two-headed ogre
 12129 | D:11     | Killed a two-headed ogre
 12311 | D:11     | Noticed an obsidian statue
 12416 | Lair:1   | Entered Level 1 of the Lair of Beasts
 12685 | Lair:1   | Reached skill level 1 in Armour
 12685 | Lair:1   | Reached skill level 10 in Stealth
 13050 | Lair:1   | Noticed Grum
 13254 | Lair:1   | Killed Grum
 13421 | Lair:2   | Noticed Erica
 13453 | Lair:2   | Reached ****** piety under Uskayaw
 13650 | Lair:2   | Noticed a catoblepas
 13737 | Lair:2   | Reached skill level 1 in Ranged Weapons
 13737 | Lair:2   | Reached XP level 12. HP: 44/61 MP: 8/13
 13807 | Lair:2   | Acquired the +8 rapier "Jellyslayer" {freeze, Str+3}
 14079 | Lair:1   | Killed Erica
 14331 | Lair:2   | Killed a catoblepas
 14770 | Lair:3   | Found a staircase to the Shoals.
 15039 | D:1      | Bought a manual of Invocations for 880 gold pieces
 15287 | Lair:3   | Reached skill level 1 in Invocations
 15325 | Lair:3   | Found a staircase to the Snake Pit.
 15433 | Lair:3   | Reached skill level 5 in Ranged Weapons
 15512 | Lair:2   | Reached skill level 5 in Invocations
 15693 | Lair:3   | Noticed a four-headed hydra
 15701 | Lair:3   | Killed a four-headed hydra
 16072 | Lair:3   | Noticed a seven-headed hydra
 16119 | Lair:3   | Killed a seven-headed hydra
 16120 | Lair:3   | Reached XP level 13. HP: 56/65 MP: 20/20
 16589 | Lair:3   | Reached skill level 10 in Invocations
 16990 | Lair:4   | Noticed a dire elephant
 17015 | Lair:4   | Killed a dire elephant
 17192 | Lair:4   | Reached skill level 10 in Ranged Weapons
 17790 | Lair:5   | Entered Level 5 of the Lair of Beasts
 18432 | Lair:4   | Reached XP level 14. HP: 70/70 MP: 25/25
 18500 | Lair:5   | Noticed Urug
 18515 | Lair:5   | Killed Urug
 18818 | Lair:5   | Found a viscous altar of Jiyva.
 18818 | Lair:5   | Found a staircase to the Slime Pits.
 18859 | Lair:5   | Found a glowing silver altar of Zin.
 19077 | Lair:5   | Noticed Kirke
 19309 | Lair:5   | Killed Kirke
 19873 | Lair:5   | Identified the ring "Waakou" {rN+ Dex+5 Slay-5}
 19951 | Lair:5   | Found the +8 orange crystal plate armour {Archmagi, Int+3
                  | Clar}
 20216 | Lair:5   | Reached skill level 5 in Armour
 20511 | Lair:5   | Found a corrupted altar of Lugonu.
 20511 | Lair:5   | Found a one-way gate to the infinite horrors of the Abyss.
 21047 | Lair:5   | Found a glowing silver altar of Zin.
 21454 | Lair:5   | Found a corrupted altar of Lugonu.
 21455 | Lair:5   | Found a one-way gate to the infinite horrors of the Abyss.
 21672 | Lair:5   | Found a viscous altar of Jiyva.
 21712 | Lair:5   | Found a staircase to the Slime Pits.
 21778 | Lair:5   | Found a glowing silver altar of Zin.
 22049 | Lair:5   | Found a corrupted altar of Lugonu.
 22050 | Lair:5   | Found a one-way gate to the infinite horrors of the Abyss.
 22807 | Lair:5   | Found a glowing silver altar of Zin.
 22930 | Lair:5   | Found a viscous altar of Jiyva.
 22931 | Lair:5   | Found a staircase to the Slime Pits.
 23420 | Lair:5   | Found a corrupted altar of Lugonu.
 23421 | Lair:5   | Found a one-way gate to the infinite horrors of the Abyss.
 23924 | D:8      | Killed IkaDoka's ghost
 23955 | D:8      | Identified the +1 hat of Seruhis {rC+ rCorr Str+8 Stlth-}
 24456 | D:12     | Identified the +7 short sword of Baopy {freeze, Int+2}
 26677 | Orc:1    | Entered Level 1 of the Orcish Mines
 26754 | Orc:1    | Noticed a kraken
 27096 | Orc:1    | Reached XP level 15. HP: 75/75 MP: 26/26
 27455 | Orc:1    | Noticed a fire giant
 27476 | Orc:1    | Killed a fire giant
 27504 | Orc:1    | You are sucked into a shaft and drop 1 floor!
 27504 | Orc:2    | Entered Level 2 of the Orcish Mines
 27506 | Orc:2    | Found Daledeg's Jewellery Boutique.
 27506 | Orc:2    | Found Kehudug's Armour Shop.
 27506 | Orc:2    | Found Huimnahoe's Assorted Antiques.
 27866 | Orc:1    | Slain by a stone giant zombie

Illustrated notes

Levels and vault maps discovered:
D:1:      mainiacjoe_arrival_reflecting_pool, layout_basic, serial_forest,
          infiniplex_forest_clump_small, infiniplex_forest_corner_1,
          infiniplex_forest_lined_4_way, infiniplex_forest_clump_large,
          infiniplex_forest_clump_medium, infiniplex_forest_straight_4,
          infiniplex_forest_clump_diagonal, nicolae_shop_vocational
D:2:      layout_basic, grunt_decor_cap, uniq_robin
D:3:      layout_loops_ring, mainiacjoe_overflow_alcove_1,
          mainiacjoe_overflow_paths, st_stairs_5
D:4:      layout_cave_pods, serial_column_ruins, column_ruins_square_small,
          column_ruins_grid_2, column_ruins_open_medium,
          column_ruins_open_tiny_water, column_ruins_grid_1,
          column_ruins_corridor_dead_end, column_ruins_grid_1,
          column_ruins_open_tiny
D:5:      layout_gridville, amcnicky_altar_gilded
D:6:      nicolae_BIG_FREAKIN_CUBE, layout_basic,
          nicolae_ru_the_path_less_chosen, nicolae_uskayaw_en_pointe,
          uniq_blork_the_orc, uniq_maggie, uniq_grinder, uniq_menkaure
D:7:      layout_loops_corners, minmay_temple_entry_tees, serial_demonic,
          serial_demonic_e, serial_demonic_c, serial_demonic_c,
          serial_demonic_c, serial_demonic_c, serial_demonic_c,
          serial_demonic_c, serial_demonic_e, serial_shops, shop, uniq_pikel,
          uniq_prince_ribbit1
D:8:      layout_cave_pools, biasface_ghost_orc_armoury
D:9:      layout_long_grid, patterned_corridor
D:10:     layout_cave_pools, lair_entry_dummy, uniq_nergalle, uniq_maurice
D:11:     layout_loops_ring, minmay_orc_entry_temple_small,
          minmay_statue_crystal_thing, uniq_psyche, uniq_erolcha, uniq_amaemon
D:12:     layout_stronghold, chequers_hall_statues_corner_a
Lair:1:   layout_big_grid, lemuel_fruit_tree, uniq_grum
Lair:2:   layout_cave_pods, infiniplex_staircase_pool, uniq_erica
Lair:3:   minmay_lair_oklob_tunnel, layout_big_grid, nicolae_shoals_entry_roost,
          guppyfry_snake_entry_garden, minmay_shattered_shrine
Lair:4:   mu_elephants_graveyard, layout_cellular_growth, grunt_megastairs_4
Lair:5:   hellmonk_lair_end_abyssal_woods, layout_regular_city,
          minmay_slime_entry_oklob_enclosed, basic_altar, ice2_lemuel,
          lemuel_fruit_fields, infiniplex_staircase_pool_2, uniq_urug,
          uniq_kirke
Orc:1:    giant_chief_lemuel, layout_diamond_mine,
          mainiacjoe_minedec_watcher_in_the_water
Orc:2:    st_orc_rangers, layout_caves

Skill      XL: |  1  2  3  4  5  6  7  8  9 10 11 12 13 14 15 |
---------------+----------------------------------------------+-----
Short Blades   | 3 4 5 6 8 9 11 12 14 | 14.0
Fighting       | 3 4 5 6 7 |  7.5
Shields        | 3 4 5 6 |  6.0
Dodging        | 5 6 7 8 10 12 13 | 13.7
Stealth        | 4 7 10 12 13 14 | 14.2
Armour         | 4 5 |  5.7
Ranged Weapons | 1 7 10 11 | 11.7
Invocations    | 8 13 14 | 14.7

Action                     |  1- 3 |  4- 6 |  7- 9 | 10-12 | 13-15 || total
---------------------------+-------+-------+-------+-------+-------++-------
  Melee: Rapier            |   147 |     2 |       |   125 |   440 ||   714
         Punch             |     4 |       |       |       |       ||     4
         Dagger            |       |    12 |    43 |   230 |       ||   285
   Fire: Sling             |     6 |    90 |   169 |   435 |  1174 ||  1874
  Throw: Dart              |       |       |       |     5 |       ||     5
    Use: Scroll            |       |     8 |     8 |     5 |     7 ||    28
         Potion            |       |       |       |       |     1 ||     1
   Stab: Sleeping          |     4 |       |       |     2 |       ||     6
         Paralysed         |       |       |     2 |    21 |    37 ||    60
 Armour: Robe              |    31 |     8 |     2 |       |       ||    41
         Steam dragon scal |       |       |    26 |   161 |   219 ||   406
  Dodge: Dodged            |   121 |    27 |    99 |   523 |   534 ||  1304
  Block: Buckler           |       |     5 |    33 |   180 |   171 ||   389

Table legend: (Time is in decaauts)
 A = Elapsed time spent in this place.
 B = Non-inter-level travel time spent in this place.
 C = Inter-level travel time spent in this place.
 D = Time resting spent in this place.
 E = Time spent auto-exploring this place.
 F = Levels seen in this place.
 G = Mean time per level.
                   A        B        C        D        E       F      G
               +--------+--------+--------+--------+--------+-----+--------+
         Total |  19656 |  18249 |   1407 |   2842 |   8858 |  19 | 1034.5 |
       Dungeon |  11588 |  10647 |    941 |   2018 |   5339 |  12 |  965.7 |
          Lair |   7259 |   6794 |    465 |    795 |   3177 |   5 | 1451.8 |
  Orcish Mines |    808 |    808 |      0 |     28 |    341 |   2 |  404.0 |
               +--------+--------+--------+--------+--------+-----+--------+

Top non-repeatable levels by time:
  Lair:5: 3609 daAuts
    D:10: 1699 daAuts
    D:11: 1553 daAuts
  Lair:4: 1253 daAuts
    D:12: 1161 daAuts
     D:2: 1049 daAuts
     D:9: 1027 daAuts
     D:8: 977 daAuts
  Lair:3: 975 daAuts
     D:7: 925 daAuts
     D:6: 834 daAuts
   Orc:1: 794 daAuts
  Lair:2: 781 daAuts
     D:4: 657 daAuts
     D:1: 639 daAuts
